Cogmind - Beta 14 @@@ ROGUE MODE // 2024.08.29 @ 19:27:33 Player: g-man Result: Destroyed by 7F-2SH(R) with Subdweller Machine Gun Performance ------------- Evolutions (0) 0 Regions Visited (2) 400 Robots Destroyed (14) 70 Value Destroyed (537) 537 Prototype IDs (0) 0 Alien Tech Used (0) 0 Bonus (0) 0 TOTAL SCORE: 1007 Bonus ------- None Cogmind --------- Core Integrity 0/250 Matter 300/300 Energy 200/200 System Corruption 0% Temperature Cool (0) Movement Walking (130) Location -10/Subcaves Parts ------- > --- POWER (1) -------- Subdweller Power Source > --- PROPULSION (2) --- Makeshift Leg Myomer Leg > --- UTILITY (2) ------ Scrap Shield > --- WEAPON (2) ------- Battle Rifle Bore Cannon > --- INVENTORY (5) ---- Aluminum Leg Small Storage Unit Subdweller Optics Utility Shielding Flamer Peak State ------------ > --- POWER ------------ Subdweller Power Source > --- PROPULSION ------- Makeshift Leg Myomer Leg > --- UTILITY ---------- Scrap Shield > --- WEAPON ----------- Battle Rifle Bore Cannon > --- INVENTORY -------- Aluminum Leg Small Storage Unit Subdweller Optics Utility Shielding Subdweller Machine Gun [Rating: 24] Favorites ----------- Power Subdweller Power Source Engine Subdweller Power Source Propulsion Aluminum Leg Leg Aluminum Leg Utility Small Storage Unit Device Terrain Scanner Storage Small Storage Unit Protection Scrap Shield Weapon Battle Rifle Energy Gun Medium Laser Energy Cannon Beam Cannon Ballistic Gun Battle Rifle Ballistic Cannon Bore Cannon Launcher Grenade Launcher Build | -11 -10 -10 ------- Run | Yrd Mat Sub Slots Evolved . | . . . Power . | . . . Propulsion . | . . . Utility . | . . . Weapon . | . . . Parts Attached 25 | 6 5 14 Power 5 | 1 1 3 Engine 5 | 1 1 3 Core . | . . . Reactor . | . . . Propulsion 6 | 2 . 4 Treads . | . . . Leg 6 | 2 . 4 Wheel . | . . . Hover . | . . . Flight . | . . . Utility 4 | 1 2 1 Device 1 | . 1 . Storage 1 | 1 . . Processor . | . . . Hackware . | . . . Protection 2 | . 1 1 Artifact . | . . . Weapon 10 | 2 2 6 Energy Gun 1 | . . 1 Energy Cannon 1 | . . 1 Ballistic Gun 5 | 2 1 2 Ballistic Cannon 1 | . . 1 Launcher 2 | . 1 1 Special Weapon . | . . . Impact Weapon . | . . . Slashing Weapon . | . . . Piercing Weapon . | . . . Special Melee Weapon . | . . . Unidentified Prototypes . | . . . Parts Lost 8 | . 1 7 Power 2 | . 1 1 Propulsion 1 | . . 1 Utility 1 | . . 1 Weapon 4 | . . 4 Highest Loss Streak 4 | . 1 4 To Critical Strikes . | . . . Average Slot Usage (%) 89 | . 97 86 Engine 13 | . 13 13 Leg 28 | . 28 28 Device 4 | . 12 2 Storage 11 | . 14 10 Protection 3 | . . 3 Energy Cannon 5 | . . 7 Ballistic Gun 18 | . 27 15 Ballistic Cannon 2 | . . 3 Peak Build Rating 24 | 6 7 24 Average Rating 14 | 4 6 17 On Entrance 4 | . 6 7 Naked Turns . | . . . Heaviest Build 34 | 13 14 34 Greatest Support 45 | 20 20 45 Greatest Overweight (x) . | . . . Average Overweight (x) . | . . . Largest Inventory Capacity 8 | 8 8 8 Average Capacity 7 | 6 8 7 Most Carried 8 | 4 8 8 Average Carried 6 | 2 6 6 Final Capacity 8 | 8 8 5 Final Carried 8 | 4 8 5 Class Distribution -------------------- 100% | Mutant Dominant Class ---------------- Mutant | -10/Materials Mutant | -10/Subcaves Resources | -11 -10 -10 ----------- Run | Yrd Mat Sub Matter Collected 645 | 207 151 287 Remotely . | . . . Salvage Created 379 | . 207 172 Parts 29 | . 12 17 Haulers Intercepted . | . . . Recyclers Shooed 3 | . 3 . Parts Field Recycled . | . . . Retrieved Matter . | . . . Parts Self-Destructed 3 | . . 3 Prevented . | . . . Kills | -11 -10 -10 ------- Run | Yrd Mat Sub Combat Hostiles Destroyed 14 | . 6 8 Guns 7 | . 5 2 Cannons 2 | . . 2 AOE 5 | . 1 4 Classes Destroyed 2 | . 1 1 Grunt 6 | . 6 . Subdweller 8 | . . 8 Best Kill Streak 5 | . 2 5 Combat Bots Only 5 | . 2 5 Max Kills in Single Turn 2 | . 1 2 Gunslinging . | . . . Exploded 2 | . 1 2 Melee . | . . . Uniques/NPCs Destroyed . | . . . Combat | -11 -10 -10 -------- Run | Yrd Mat Sub Hostile Shots Fired 113 | . 24 89 Missed 30 | . 5 25 Damage Taken 1637 | . 228 1409 Core 270 | . 45 225 Absorbed by Shields . | . . . Core Remaining (%) 100 | 100 . . Volleys Fired 51 | . 18 33 Largest 2 | . 2 2 Hottest 85 | . 50 85 Shots Fired 97 | . 36 61 Gun 72 | . 34 38 Cannon 19 | . . 19 Launcher 6 | . 2 4 Special . | . . . Kinetic 73 | . 34 39 Thermal 18 | . . 18 Explosive 6 | . 2 4 Electromagnetic . | . . . Robot Hit Streak 16 | . 8 16 Robot Miss Streak 5 | . 5 2 Penetration Max . | . . . Secondary Targets 1 | . 1 . Max Gunslinging Chain 1 | . 1 . Shots Hit Robots 64 | . 22 42 Core Hits 32 | . 12 20 Critical Kills 1 | . . 1 Critical Parts Destroyed . | . . . Critical Strikes 3 | . . 3 Destroy 3 | . . 3 Melee Attacks . | . . . Impact . | . . . Slashing . | . . . Piercing . | . . . Sneak Attacks . | . . . Combat Hostiles . | . . . Follow-up Attacks . | . . . Damage Inflicted 1379 | . 288 1091 Guns 519 | . 224 295 Cannons 291 | . . 291 Explosions 569 | . 64 505 Melee . | . . . Ramming . | . . . Kinetic 560 | . 224 336 Thermal 250 | . . 250 Explosive 569 | . 64 505 Electromagnetic . | . . . Impact . | . . . Slashing . | . . . Piercing . | . . . Highest Corruption . | . . . Average Corruption . | . . . Corruption Purged . | . . . Corruption Blocked . | . . . Overload Shots . | . . . Overflow Damage . | . . . Projectiles . | . . . Explosions . | . . . Melee . | . . . Knockbacks 1 | . . 1 Impact . | . . . Kinetic 1 | . . 1 Secondary . | . . . Self-Inflicted Damage 41 | . 16 25 Shots 3 | . 1 2 Rammed . | . . . Targets Rammed . | . . . Kicked . | . . . Crushed . | . . . Highest Temperature 251 | . 10 251 Average Temperature 57 | . 5 100 Received Heat Transfer 899 | . 114 785 Siege Activations . | . . . Robots Corrupted . | . . . Combat Hostiles . | . . . Parts Fried . | . . . Impact Corruptions . | . . . Robots Melted . | . . . Combat Hostiles . | . . . Parts Melted . | . . . Heat Transferred 592 | . . 592 Parts Sabotaged . | . . . Parts Stolen . | . . . Parts Stripped . | . . . Power Chain Reactions . | . . . Alert | -11 -10 -10 ------- Run | Yrd Mat Sub Peak Influence 194 | . 194 . Initial . | . . . Average 50 | . 60 . Maximum Alert Level . | . . . Low Security (%) 100 | 100 100 . Level 1 . | . . . Level 2 . | . . . Level 3 . | . . . Level 4 . | . . . Level 5 . | . . . High Security . | . . . Max Security . | . . . Squads Dispatched 1 | . 1 . Investigation 1 | . 1 . Extermination . | . . . Reinforcement . | . . . Assault . | . . . Garrison . | . . . Intercept . | . . . Searches Triggered . | . . . Construction Impeded . | . . . Haulers Reinforced . | . . . Active Scanning Responses . | . . . Cargo Convoy Interrupts . | . . . Stealth | -11 -10 -10 --------- Run | Yrd Mat Sub Distress Signals 2 | . 2 . Communications Jammed . | . . . Distress Signals . | . . . Times Spotted 25 | . 10 15 Peak Tracking Total 6 | . 4 6 Tactical Retreats 2 | . 1 1 Traps | -11 -10 -10 ------- Run | Yrd Mat Sub Traps Triggered 1 | . 1 . Indirectly . | . . . Trap Hack Attempts . | . . . Triggered . | . . . Disarmed . | . . . Reprogrammed . | . . . Reused . | . . . Traps Extracted . | . . . Installed 1 | . . 1 Triggered . | . . . Machines | -11 -10 -10 ---------- Run | Yrd Mat Sub Machines Disabled . | . . . Max in Single Turn . | . . . Machines Repaired . | . . . Machines Dismantled . | . . . Machines Sabotaged . | . . . Overloaded Fab Kills . | . . . Hacking | -11 -10 -10 --------- Run | Yrd Mat Sub Machines Accessed 1 | . 1 . Terminals 1 | . 1 . Fabricators . | . . . Repair Stations . | . . . Recycling Units . | . . . Scanalyzers . | . . . Garrison Access . | . . . Total Hacks 1 | . 1 . Successful 1 | . 1 . Failed . | . . . Catastrophic . | . . . Database Lockouts . | . . . Manual 1 | . 1 . Terminals 1 | . 1 . Fabricators . | . . . Repair Stations . | . . . Recycling Units . | . . . Scanalyzers . | . . . Garrison Access . | . . . Terminal Hacks 1 | . 1 . Zone Layout 1 | . 1 . Fabricator Hacks . | . . . Repair Station Hacks . | . . . Recycling Unit Hacks . | . . . Scanalyzer . | . . . Garrison Access Hacks . | . . . Unauthorized Hacks . | . . . Terminals . | . . . Fabricators . | . . . Repair Stations . | . . . Recycling Units . | . . . Scanalyzers . | . . . Garrison Access . | . . . Data Cores Recovered . | . . . Used . | . . . Hacking Detections . | . . . Full Trace Events . | . . . Feedback Events . | . . . Feedback Blocked . | . . . Robot Schematics Acquired . | . . . Robots Built . | . . . Authchips . | . . . Time . | . . . Total Robot Build Rating . | . . . Part Schematics Acquired . | . . . Parts Built . | . . . Authchips . | . . . Time . | . . . Total Part Build Rating . | . . . Parts Repaired . | . . . Time . | . . . Parts Recycled . | . . . Recycled Matter . | . . . Retrieved Matter . | . . . Retrieved Components . | . . . Parts Scanalyzed . | . . . Part Schematics Acquired . | . . . Parts Damaged . | . . . Bothacking | -11 -10 -10 ------------ Run | Yrd Mat Sub Used RIF Installer . | . . . Robots Hacked . | . . . Non-combat . | . . . Combat . | . . . Robot Hacks Applied . | . . . Relay Couplers Released . | . . . Fabnet Peak Effective % . | . . . Robots Rewired . | . . . Allies Hacked . | . . . Hacks Repelled . | . . . Allies | -11 -10 -10 -------- Run | Yrd Mat Sub Total Allies . | . . . Largest Group . | . . . Highest-Rated Group . | . . . Highest-Rated Ally . | . . . Total Orders . | . . . Ally Attacks . | . . . Total Damage . | . . . Kills . | . . . Allies Corrupted . | . . . Allies Melted . | . . . Intel | -11 -10 -10 ------- Run | Yrd Mat Sub Robot Analysis Total . | . . . Derelict Logs Recovered 1 | . . 1 Drone Launches . | . . . Drone Recoveries . | . . . Exploration | -11 -10 -10 ------------- Run | Yrd Mat Sub Turns Passed 1542 | 64 353 1125 Spaces Moved 1049 | 51 222 776 Core 13 | 13 . . Treads . | . . . Legs 1036 | 38 222 776 Wheels . | . . . Hover . | . . . Flight . | . . . Fastest Speed 50 | 50 120 120 Average Speed 125 | 102 120 128 Slowest Speed 130 | 120 120 130 Overloaded Moves . | . . . Propulsion Burnouts . | . . . Robots Hopped . | . . . Cave-ins Triggered . | . . . Exploration Rate (%) 26 | 4 30 46 Regions Visited 2 Branch Regions 1 Pre-discovered Areas . | . . . Known Exits Taken . | . . . Unknown Exits Taken 2 | 1 1 . Scrap Searched 5 | . . 5 Spaces Dug 9 | . . 9 Terrain Destroyed 45 | . 14 31 Melee . | . . . Projectile 1 | . . 1 AOE 44 | . 14 30 Terrain Rammed . | . . . Walls Destroyed . | . . . Machines Disabled . | . . . Actions | -11 -10 -10 --------- Run | Yrd Mat Sub Total 1186 | 60 275 851 Wait 31 | . 22 9 Move 1047 | 50 221 776 Hop . | . . . Pick Up 18 | 4 6 8 Fast Attach 10 | 6 2 2 Attach 6 | . 1 5 Detach 1 | . 1 . Swap 9 | . 2 7 Drop 9 | . 2 7 Fire 51 | . 18 33 Melee . | . . . Ram . | . . . Kick . | . . . Crush . | . . . Escape Stasis . | . . . Rewire . | . . . Trap 1 | . . 1 Miscellaneous 3 | . . 3 Route ------- -11/Scrapyard -10/Materials -10/Subcaves History --------- Turn | Location | Event 33 | -11/Scrapyard | Discovered new exit (range 16) 65 | -11/Scrapyard | Entered Materials 313 | -10/Materials | Build established: Mutant 398 | -10/Materials | Discovered new exit (range 3) 418 | -10/Materials | Entered Subcaves 589 | -10/Subcaves | Ambushed by swarm of Subdwellers 602 | -10/Subcaves | Ambushed by Subdwellers from Twisted Machinery 613 | -10/Subcaves | Core integrity fell below 50% 650 | -10/Subcaves | Lost 4 parts (1n1u2w) 1213 | -10/Subcaves | A swath of the cavern ceiling suddenly collapsed 1248 | -10/Subcaves | Core integrity fell below 20% 1375 | -10/Subcaves | Shifting Twisted Machinery released Sub. Monowheel 1388 | -10/Subcaves | Shifting Twisted Machinery released Battle Cannon 1431 | -10/Subcaves | Shifting Twisted Machinery released Flamer 1436 | -10/Subcaves | Shifting Twisted Machinery released Multitool 1525 | -10/Subcaves | Learned Materials stockpile data 1535 | -10/Subcaves | Disturbed a concealed Subdweller 1543 | -10/Subcaves | Destroyed by 7F-2SH(R) with Subdweller Machine Gun Last Messages --------------- Battle Cannon falls loose from the Twisted Machinery. Flamer falls loose from the Twisted Machinery. 01431_ Dropped Sub. Machine Gun. 01433_ Acquired Flamer. Multitool falls loose from the Twisted Machinery. 01521_ Critical hit (Meltdown: +280). 01525_ Acquired derelict log, extracted data. Data stored: Materials stockpile data. 01533_ Searching scrap... 01533_ Found Piercing Trap. 01533_ Found Flamer. 01533_ Found 52 Matter. 01535_ 2T-J80(R) angrily emerges from the Twisted Machinery. 01535_ Installed Piercing Trap. 01538_ Searching scrap... 01538_ Found Shrapnel Trap. 01538_ Found 56 Matter. Map ----- +----------------------------------------------------+ | ?????????????????????????????????????????? | | ?????????????????????????????????????????? | | ?????????????????????????????????????????? | | ?????????????????????????????????????????? | | ?????????????????????????????????????????? | | ?????????????????????????????????????????? | | ?????????????????????????????###?????????? | | ???????????????????????####### ####?????? | | ???????????????????????# ??????? | | ???????????????????????? ??????? | | ????????????????????????? ??????? | | ?????????????????????????? ??????? | | ??????????????????????????? ????? | | ????????????????????????????# ?????"" | | ?????????????????????????????# #??????# | | ??????????????????????????????# #??????? | | ?????????????????????????????### ##??#### | | ?????????????????????????????# ## #??# "" | | ???????????????????#####????## #### "" | | ???????????????????# ##???# ## | | ????????????????????# ##?## ## ## | | ???????????????####### ### ## ## | | ???????????????#"& ##" ##### #? | | ???????????????#|# ##???# # | | ???????????????#R##"#" ##????# # | | ???????????????#^@### #????# ### | | ???????????????#<%## #??# ##?## | | ???????????????####### #?# ????? | | ???????????????????? #?###????? | | ??????????????????? [ #????????? | | ??????????????????# #????????? | | ?????????????????? ## ???????? # | | ????????????????? = ##? ???????#? | | ????????????????# ## ##??# # ???????? | | ?????????????????#" ?# #????###????????? | | ??????????????????" ? ???????????????? | | ??????????????????# !?# [#???????????????? | | ???????????????????"??? #???????????????? | | ??????????????????????? ????????????????? | | ?????????????????????????????????????????? | | ?????????????????????????????????????????? | | ?????????????????????????????????????????? | | ?????????????????????????????????????????? | | ?????????????????????????????????????????? | | ?????????????????????????????????????????? | | ?????????????????????????????????????????? | | ?????????????????????????????????????????? | | ?????????????????????????????????????????? | | ?????????????????????????????????????????? | | ?????????????????????????????????????????? | +----------------------------------------------------+ Best States ------------- Heat Dissipation 25 Energy Generation 15 Energy Capacity 250 Matter Stores 300 Matter Capacity 300 Sight Range 16 Terrain Scan Range 14 Terrain Scan Density 10 Armor Coverage 800 Utility Shielding 33 Evasion (%) 55 Item Schematics ----------------- None Robot Schematics ------------------ None Fabricated ------------ Nothing Alien Tech Used ----------------- None Achievements -------------- None Challenges ------------ None Game ------ Seed CentriumIonicNetwork Manual? 0 Play Time 00:19:18 Cumulative 30.5 hours Start 2024.08.29 @ 19:07:02 End 2024.08.29 @ 19:27:33 Sessions 1 Manual Loads 0 Difficulty Rogue Special Mode None Game No. 21 Rogue 16 Adventurer 5 Explorer 0 Win Type - Total 0 Types 0/0/0/0/0/0/0/0/0 Lore% 19 Gallery% 36 Achievement% 31 Wizard Run 0 Options --------- Layout 1 ASCII 0 Keyboard 1 Movement Vi Keybinds 0 Fullscreen 2 Font 24/Smallcaps Map View 50x35 Zoom Use 0% Tactical HUD 1 Map Filters NONE Filters NONE Steam 1 RUN: 40f265e8-2679-4ec1-bf08-72e125b4e8df